 Dungeon Crawl Stone Soup version 0.17-a0-2122-g03d97ec (webtiles) character file.

329 Duffy the Chopper (level 6, 47/47 HPs)
             Began as a Formicid Berserker on Oct 21, 2015.
             Was a Believer of Trog.
             Quit the game on level 4 of the Dungeon.
             The game lasted 00:04:31 (3578 turns).

Duffy the Chopper (Formicid Berserker)              Turns: 3578, Time: 00:04:31

Health: 47/47      AC: 13    Str: 22    XL:     6   Next: 80%
Magic:  6/6        EV:  7    Int:  6    God:    Trog [**....]
Gold:   394        SH:  0    Dex: 12    Spells: 0 memorised, 5 levels left

rFire  . . .     SeeInvis +     D - +0 battleaxe
rCold  . . .     Clarity  .     C - +0 plate armour
rNeg   . . .     SustAt   .     (no shield)
rPois  .         Gourm    .     (helmet unavailable)
rElec  .         Spirit   +     (no cloak)
rCorr  .         Warding  .     (no gloves)
rMut   .         Stasis   +     e - +1 pair of boots
MR     .....                    E - amulet of guardian spirit
Stlth  ..........               (no ring)
                                (no ring)

@: not resistant to hostile enchantments, extremely unstealthy
A: permanent stasis, dig shafts and tunnels, four strong arms, antennae 3
a: Dig, Shaft Self, Trog's Hand, Burn Spellbooks, Renounce Religion


You were on level 4 of the Dungeon.
You worshipped Trog.
Trog was pleased with you.
You were not hungry.

You visited 1 branch of the dungeon, and saw 4 of its levels.

You collected 394 gold pieces.


Innate Abilities, Weirdness & Mutations

You are under a permanent stasis effect.
You can dig through walls and to a lower floor.
Your four strong arms can wield two-handed weapons with a shield.
You have a pair of large antennae on your head (SInv).


   Skills:
 - Level 3.2 Fighting
 + Level 6.6 Axes
 + Level 3.4 Armour
 - Level 1.7 Dodging


You had 5 spell levels left.
You didn't know any spells.

Inventory:

Hand Weapons
 a - a +0 hand axe
 D - a +0 battleaxe (weapon)
Missiles
 d - 122 stones (quivered)
 h - 29 arrows
 t - 22 bolts
 y - 5 tomahawks
 B - 15 poisoned needles
 F - a throwing net
Armour
 b - a +0 animal skin
 e - a +1 pair of boots (worn)
 n - a +0 ring mail
 C - a +0 plate armour (worn)
Jewellery
 w - an uncursed ring of ice
 E - an amulet of guardian spirit (around neck)
Wands
 r - a wand of digging (12)
 z - a wand of fire (9)
Scrolls
 f - a scroll of enchant armour {unknown}
 i - 3 scrolls of identify {unknown}
 l - a scroll of remove curse {unknown}
 m - 4 scrolls of teleportation {unknown}
 p - a scroll of immolation {unknown}
 q - 4 scrolls of random uselessness {unknown}
 s - 2 scrolls of recharging {unknown}
Potions
 g - 2 potions of lignification {unknown}
 j - 2 potions of might {unknown}
 k - 2 potions of flight {unknown}
 o - a potion of agility {unknown}
 u - a potion of haste {unknown}
 v - 2 potions of heal wounds {unknown}
 x - a potion of magic {unknown}
 A - a potion of resistance {unknown}
 G - a potion of poison {unknown}
Books
 H - a book of Battle
Comestibles
 c - 3 bread rations

Dungeon Overview and Level Annotations

Branches:
Dungeon (4/15)
 Temple: D:4-7

Altars:
Gozag
Nemelex Xobeh
Qazlal


Message History

You feel sick.
You feel sick.
You feel sick.
Magic restored.
You feel sick.
You feel sick.
You are no longer poisoned.
You sense a monster nearby.
HP restored.
Done exploring.
Done exploring.
Use which ability?
You extend your mandibles.
You dig through the rock wall.
You dig through the rock wall.
You dig through the rock wall.
You retract your mandibles.
A bat comes into view.
The bat hits you but does no damage. The bat hits you but does no damage.
You slice the bat!!
You kill the bat!
Trog accepts your kill.
There is an open door here.
There is a stone staircase leading down, spattered with blood here.
Search for what [Enter for "."]?
You climb downwards.
Found 13 stones, 17 gold pieces and a scroll labeled XOIPHA ZUOWK.
There is a stone staircase leading up here.
f - a scroll labeled XOIPHA ZUOWK
d - 122 stones (gained 13)
You now have 394 gold pieces (gained 17).
H - a book of Battle
Found a stone staircase leading up.
Are you sure you want to abandon this character and quit the game? (Confirm with "yes".)

.⌠.....⌠. ..< . ...
... ... .. .....⌠ ..
.. ........ #..#
#.#.#.#.#.### #..#
..... ...###..# #..#
#...#..#
#@#####......####
#...............#
####............##
##.........<...
...####.............
#...................
..#####.............
#.............
#.............


There were no monsters in sight!

Action                   |  1- 3 |  4- 6 || total
-------------------------+-------+-------++-------
Melee: Hand axe          |   116 |    98 ||   214
       Battleaxe         |       |    26 ||    26
 Abil: Dig               |       |     3 ||     3
  Eat: Chunk             |     1 |     5 ||     6
       Royal jelly       |       |     2 ||     2

Notes
Turn   | Place    | Note
--------------------------------------------------------------
     0 | D:1      | Duffy the Formicid Berserker began the quest for the Orb.
     0 | D:1      | Reached XP level 1. HP: 18/18 MP: 1/1
   484 | D:1      | Reached XP level 2. HP: 24/24 MP: 2/2
  1133 | D:2      | Reached skill level 4 in Axes
  1133 | D:2      | Reached XP level 3. HP: 24/29 MP: 3/3
  1291 | D:2      | Noticed Ijyb
  1330 | D:2      | Killed Ijyb
  1330 | D:2      | Reached XP level 4. HP: 30/35 MP: 4/4
  1681 | D:3      | Reached ** piety under Trog
  1836 | D:3      | Reached skill level 5 in Axes
  2012 | D:3      | Reached XP level 5. HP: 33/41 MP: 5/5
  2182 | D:3      | Reached skill level 6 in Axes
  2237 | D:3      | Found an opulent altar of Gozag.
  2237 | D:3      | Found a sparkling altar of Nemelex Xobeh.
  2536 | D:3      | Reached XP level 6. HP: 17/47 MP: 6/6
  3133 | D:3      | Noticed a sky beast
  3138 | D:3      | Killed a sky beast
  3138 | D:3      | Reached skill level 3 in Armour
  3256 | D:3      | Found a stormy altar of Qazlal.
  3578 | D:4      | Quit the game

Vault maps used:
D:1:      minmay_arrival_doors
D:2:      first_bread, uniq_iyjb
D:3:      grunt_temple_overflow_opulence, lemuel_crystal_altar
D:4:      kennysheep_mini, elyvilon_altar_5, kennysheep_potato, uniq_pikel

Vanquished Creatures
  A sky beast
  2 crimson imps Ijyb
  An orc wizard
  4 gnolls
  3 adders
  8 orcs
  A ball python
  4 bats
  5 goblins
  6 hobgoblins
  A giant newt
  A jackal
  5 kobolds
  7 rats
50 creatures vanquished.
